 Dungeon Crawl Stone Soup version 0.28-a0-991-g956f0ee3d5 (webtiles) character file.

Game seed: 5305410301574174564

78 porpoise the Conjurer (level 4, -9/24 HPs)
             Began as a Deep Elf Conjurer on Dec 5, 2021.
             Killed by divine providence
             ... invoked by an orc priest
              (12 damage)
             ... on level 2 of the Dungeon.
             The game lasted 00:06:00 (1986 turns).

porpoise the Conjurer (Deep Elf Conjurer)           Turns: 1986, Time: 00:06:01

Health: -9/24      AC:  2    Str:  4    XL:     4   Next: 15%
Magic:  1/12       EV: 12    Int: 25    God:
Gold:   69         SH:  0    Dex: 13    Spells: 9/12 levels left

rFire   . . .      SeeInvis .   a - +0 short sword
rCold   . . .      Faith    .   (no shield)
rNeg    . . .      Spirit   .   j - +0 robe
rPois   .          Reflect  .   (no helmet)
rElec   .          Harm     .   (no cloak)
rCorr   .          Rampage  .   (no gloves)
Will    .....                   (no boots)
Stlth   ++........              (no amulet)
HPRegen 0.08/turn               (no ring)
MPRegen 0.13/turn               (no ring)

@: flying, hasted, very quick
A: no striking features
a: no special abilities


You were on level 2 of the Dungeon.
You visited 1 branch of the dungeon, and saw 2 of its levels.

You collected 69 gold pieces.

Inventory:

Hand Weapons
 a - a +0 short sword (weapon)
 b - a +0 hunting sling
Missiles
 d - 85 stones
 h - 37 sling bullets
Armour
 j - a +0 robe (worn)
Scrolls
 c - a scroll of fear {unknown}
 e - a scroll of identify {unknown}
 f - 2 scrolls of silence {unknown}
 n - a scroll of teleportation {unknown}
Potions
 g - a potion of resistance {unknown}
 i - a potion of haste
 k - a potion of magic {unknown}


   Skills:
 - Level 2.4 Dodging
 - Level 2.4 Stealth
 + Level 4.8 Spellcasting
 + Level 5.4 Conjurations


You had 9 spell levels left.
You knew the following spells:

 Your Spells              Type           Power      Damage    Failure   Level
a - Magic Dart            Conj           100%       1d8       1%          1
b - Searing Ray           Conj           66%        2d6       1%          2

Your spell library contained the following spells:

 Spells                   Type           Power      Damage    Failure   Level
 Dazzling Flash           Conj/Hex       38%        N/A       9%          3
 Sublimation of Blood     Necr           6%         N/A       13%         2
 Wereblood                Tmut           6%         N/A       13%         2
 Fulminant Prism          Conj/Hex       9%         3d7       28%         4
 Iskenderun's Mystic Bla  Conj/Tloc      19%        2d6       28%         4
 Summon Hydra             Summ           3%         N/A       100%        7


Dungeon Overview and Level Annotations

Branches:
Dungeon (2/15)

Altars:


Message History

You don't know that spell.
Unknown command.
Unknown command.
Casting: Searing Ray (safe; 1% risk of failure)
Confirm with . or Enter, or press ? or * to list all spells.
You don't have enough magic to cast this spell.
Unknown command.
Casting: Searing Ray (safe; 1% risk of failure)
Confirm with . or Enter, or press ? or * to list all spells.
You don't have enough magic to cast this spell.
Unknown command.
Casting: Searing Ray (safe; 1% risk of failure)
Confirm with . or Enter, or press ? or * to list all spells.
Aiming: Magic Dart (safe; 1% risk of failure)
Press: ? - help, Shift-Dir - straight line, f/p - rat
Aim: a rat (100% to hit)
The magic dart hits the orc priest.
The orc priest is moderately wounded.
The orc priest hits you with a +0 club.
a - a +0 short sword (weapon)
Unknown command.
It was a potion of flight.
You feel very buoyant.
You fly up into the air.
The orc priest hits you with a +0 club. The rat closely misses you.
It was a potion of curing.
You feel better. The rat misses you.
You barely miss the orc.
The orc priest mumbles some strange prayers to Beogh against you.
Beogh smites you!
Ouch! That really hurt!
* * * LOW HITPOINT WARNING * * *
The orc closely misses you. The rat barely misses you.
The orc priest barely misses you.
It was a potion of haste.
You feel yourself speed up. The orc priest completely misses you.
The orc barely misses you.
The orc priest miscasts a cantrip.
The orc priest calls down the wrath of Beogh upon you.
Beogh smites you!
Ouch! That really hurt!
You die...

#........# ... #........#
#.......# ##. .........#
#.......# ##... #........#
#.......# #..<.
#......#.#######...# #..#.
#......#.....# #.).####....
#...........####...........
........†...........#.(.....
#.. #.....@.oor....#.......
#.###...#########).......#.
#......###....o)...........
##.....##..≈...≈....#..#.##
#.....#$...........#......
#.....#⌠...........#<.....
#.....#o................#.
####..##..≈...≈...##......
#..###.........####.#.#


You could see an orc priest, an orc and a rat.

Vanquished Creatures
  An orc priest (D:2)
  An adder (D:2)
  3 orcs (D:2)
  5 ball pythons
  2 bats (D:1)
  3 endoplasms
  A giant cockroach (D:2)
  6 goblins
  2 hobgoblins (D:1)
  2 jackals (D:1)
  3 quokkas
  A frilled lizard (D:1)
  3 rats (D:1)
33 creatures vanquished.

Notes
Turn   | Place    | Note
-------+----------+-------------------------------------------
     0 | D:1      | porpoise the Deep Elf Conjurer began the quest for the Orb.
     0 | D:1      | Reached XP level 1. HP: 10/10 MP: 6/6
   224 | D:1      | Reached XP level 2. HP: 15/15 MP: 4/8
   262 | D:1      | Learned a level 2 spell: Searing Ray
   946 | D:1      | Found a faded altar of an unknown god.
  1237 | D:2      | Reached XP level 3. HP: 19/19 MP: 6/10
  1460 | D:2      | Reached skill level 5 in Conjurations
  1972 | D:2      | Reached XP level 4. HP: 22/24 MP: 2/12
  1986 | D:2      | Killed from afar by an orc priest

Illustrated notes

Levels and vault maps discovered:
D:1:      evilmike_arrival_fibonacci_small, layout_basic,
          shapermc_ecumenical_altar_notcrosses, roderic_lattice_a,
          kennysheep_another_room, feat_on_display
D:2:      cheibrodos_pilgrimage, layout_basic, minmay_tromino_i4

Skill      XL: |  1  2  3 |
---------------+----------+-----
Spellcasting   | 4 |  4.8
Conjurations   | 5 |  5.4
Dodging        | |  2.4
Stealth        | |  2.4

Action                   |  1- 3 |  4- 6 || total
-------------------------+-------+-------++-------
Melee: Short sword       |       |     1 ||     1
 Fire: Hunting sling     |     2 |       ||     2
 Cast: Magic Dart        |    46 |     1 ||    47
       Searing Ray       |     6 |     1 ||     7
  Use: Potion            |       |     3 ||     3
Armor: Robe              |       |     1 ||     1
Dodge: Dodged            |     2 |     8 ||    10

Table legend: (Time is in decaauts)
 A = Elapsed time spent in this place.
 B = Non-inter-level travel time spent in this place.
 C = Inter-level travel time spent in this place.
 D = Time resting spent in this place.
 E = Time spent auto-exploring this place.
 F = Levels seen in this place.
 G = Mean time per level.
                   A        B        C        D        E       F      G
               +--------+--------+--------+--------+--------+-----+--------+
         Total |   1984 |   1947 |     37 |    814 |    928 |   2 |  992.0 |
       Dungeon |   1984 |   1947 |     37 |    814 |    928 |   2 |  992.0 |
               +--------+--------+--------+--------+--------+-----+--------+

Top non-repeatable levels by time:
     D:1: 1139 daAuts
     D:2: 844 daAuts
